 Dungeon Crawl Stone Soup version 0.22-a0-601-gb0ed703 (webtiles) character file.

199 sking99 the Chiller (level 5, 0/38 (45) HPs)
             Began as a Ghoul Ice Elementalist on July 6, 2018.
             Slain by a bullfrog skeleton (1 damage)
             ... on level 4 of the Dungeon.
             The game lasted 00:09:13 (4194 turns).

sking99 the Chiller (Ghoul Ice Elementalist)        Turns: 4194, Time: 00:09:14

HP:   0/38 (45)     AC:  5    Str: 12    XL:     5   Next: 77%
MP:   4/8           EV: 12    Int: 11    God:
Gold: 111           SH:  0    Dex:  9    Spells: 7/10 levels left

rFire    . . .     SeeInvis .   (no weapon)
rCold    + . .     Gourm    .   (no shield)
rNeg     + + +     Faith    .   l - +2 robe {MR+}
rPois    ∞         Spirit   .   (no helmet)
rElec    .         Reflect  .   (no cloak)
rCorr    .         Harm     .   (no gloves)
MR       +....                  o - +0 pair of boots
Stlth    ++........             (no amulet)
HPRegen  0.00/turn              (no ring)
MPRegen  0.11/turn              (no ring)

@: rotting
A: rotting body, claws 1, carnivore, cold resistance 1, negative energy
resistance 3, inhibited regeneration, torment resistance, unbreathing
a: no special abilities


You were on level 4 of the Dungeon.
You were near starving.

You visited 1 branch of the dungeon, and saw 4 of its levels.

You collected 111 gold pieces.

Inventory:

Armour
 l - a +2 robe of magic resistance (worn)
 o - a +0 pair of boots (worn)
Scrolls
 e - a scroll of identify
 i - 3 scrolls of enchant armour
Potions
 d - a potion of might {unknown}
 g - a potion of curing {unknown}
 k - 2 potions of flight {unknown}
 n - a potion of magic {unknown}
Comestibles
 c - 7 rations


   Skills:
 + Level 3.1 Fighting
 - Level 1.7 Dodging
 - Level 2.1 Stealth
 + Level 3.1 Spellcasting
 - Level 0.7 Conjurations
 + Level 4.8 Ice Magic


You had 7 spell levels left.
You knew the following spells:

 Your Spells              Type           Power        Failure   Level  Hunger
a - Freeze                Ice            ##..         3%          1    #......
b - Throw Frost           Conj/Ice       #.....       13%         2    ###....

Your spell library contained the following spells:

 Spells                   Type           Power        Failure   Level  Hunger
 Summon Ice Beast         Ice/Summ       #.......     67%         4    #####..
 Ozocubu's Armour         Chrm/Ice       #.......     28%         3    ###....
 Throw Icicle             Conj/Ice       #.......     63%         4    #####..


Dungeon Overview and Level Annotations

Branches:
Dungeon (4/15)
 Temple: D:4-7

Altars:

Annotations:
D:3 Grinder


Innate Abilities, Weirdness & Mutations

Your body is rotting away.
You thrive on raw meat.
You are immune to poison.
You have sharp fingernails.
You are carnivorous and can eat meat at any time.
Your flesh is cold resistant. (rC+)
You are immune to negative energy. (rN+++)
You do not regenerate when monsters are visible.
You are immune to unholy pain and torment.
You can survive without breathing.


Message History

The bullfrog skeleton barely misses you.
The bullfrog skeleton hits you.
* * * LOW HITPOINT WARNING * * *
You hear the slow hiss of a distant avalanche of sand.
The bullfrog skeleton hits you.
* * * LOW HITPOINT WARNING * * *
The bullfrog skeleton hits you but does no damage.
The bullfrog skeleton barely misses you.
The bullfrog skeleton closely misses you.
You barely miss the bullfrog skeleton.
The bullfrog skeleton is heavily damaged.
The bullfrog skeleton hits you.
* * * LOW HITPOINT WARNING * * *
You completely miss the bullfrog skeleton.
The bullfrog skeleton is heavily damaged.
The bullfrog skeleton hits you but does no damage.
You scratch the bullfrog skeleton.
The bullfrog skeleton is severely damaged.
The bullfrog skeleton hits you.
You die...

#.# #.##.##.#####.#
#.# #.##..........#
#.###.#####.#########
#.#...# #.#........
#.#.#######.#.#######
#...........#.#
###.#########.#
#.#########.#
#.@Z........#
#############


You could see a bullfrog skeleton.

Vanquished Creatures
  An orc priest (D:3)
  Jessica (D:2)
  A worker ant (D:2)
  6 adders
  2 worms
  2 leopard geckos
  3 orcs (D:3)
  3 giant cockroaches
  6 goblins
  13 hobgoblins
  3 kobolds
  4 ball pythons
  3 bats (D:2)
  4 frilled lizards
  6 rats
58 creatures vanquished.

Notes
Turn   | Place    | Note
-------+----------+-------------------------------------------
     0 | D:1      | sking99 the Ghoul Ice Elementalist began the quest for the Orb.
     0 | D:1      | Reached XP level 1. HP: 14/14 MP: 2/2
   318 | D:1      | Reached XP level 2. HP: 19/22 MP: 0/4
   408 | D:1      | Reached skill level 1 in Fighting
   907 | D:2      | Reached XP level 3. HP: 22/27 MP: 0/5
  1643 | D:2      | Learned a level 2 spell: Throw Frost
  1866 | D:2      | Reached skill level 4 in Ice Magic
  2000 | D:2      | Noticed Jessica
  2006 | D:2      | Killed Jessica
  2006 | D:2      | Reached XP level 4. HP: 36/36 MP: 1/6
  2474 | D:2      | Reached XP level 5. HP: 39/42 MP: 4/8
  2766 | D:3      | Noticed Grinder
  2826 | D:3      | Paralysed by Grinder for 5 turns
  2899 | D:3      | Paralysed by Grinder for 6 turns
  4192 | D:4      | HP: 1/38 [bullfrog skeleton (2)]
  4194 | D:4      | Slain by a bullfrog skeleton

Vault maps used:
D:1:      wheals_arrival_shading
D:2:      uniq_jessica
D:3:      uniq_grinder
D:4:      first_ration, enter_ossuary_4, serial_shops, nicolae_shop_stone,
          interstate_on_off

Skill      XL: |  1  2  3  4  5 |
---------------+----------------+-----
Spellcasting   | 2 3 |  3.1
Fighting       | 1 2 3 |  3.1
Ice Magic      | 4 |  4.8
Dodging        | |  1.7
Stealth        | |  2.1
Conjurations   | |  0.7

Action                   |  1- 3 |  4- 6 || total
-------------------------+-------+-------++-------
Melee: Unarmed           |    44 |    25 ||    69
 Cast: Freeze            |    55 |    89 ||   144
       Throw Frost       |     6 |     2 ||     8
  Use: Scroll            |       |     6 ||     6
  Eat: Chunk             |     7 |     5 ||    12
Armor: Robe              |    17 |    14 ||    31
Dodge: Dodged            |    61 |    51 ||   112

Table legend:
 A = Spawn XP
 B = Non-spawn XP
 C = Spawn XP percentage of total XP
 D = Spawn monster count
 E = Non-spawn monster count
 F = Spawn count percentage of total count
 G = Total turns spent on level
                    A         B        C        D         E        F      G
               +---------+---------+-------+---------+---------+-------+---------
         Total |       0 |     285 |   0.0 |       0 |      58 |   0.0 |  4194
               +---------+---------+-------+---------+---------+-------+---------
           D:1 |       0 |      29 |   0.0 |       0 |      17 |   0.0 |  1389
           D:2 |       0 |     160 |   0.0 |       0 |      25 |   0.0 |  1804
           D:3 |       0 |      96 |   0.0 |       0 |      16 |   0.0 |   900
               +---------+---------+-------+---------+---------+-------+---------
